| TOP OF THE 1ST |
|
Tacoma Rainiers batting - Pitching for Salt Lake Bees : RHP Gus Morante
|
|
Pitching: RHP Gus Morante
|
|
|
Batting: LHB Caleb Domino
|
0-0: Foul Ball, location: 2F 0-1: Swinging Strike 0-2: Foul Ball, location: 2F 0-2: Strikes out swinging, 2-3 out at first.
|
|
Batting: RHB Brad Robidas
|
0-0: Ball 1-0: Called Strike 1-1: Ball 2-1: Bunted foul 2-2: Ball 3-2: Foul Ball, location: 2F 3-2: Base on Balls
|
|
Batting: RHB Harutomi Matsubara
|
0-0: Ball Brad Robidas steals 2nd base 1-0: Called Strike 1-1: Called Strike 1-2: Ball 2-2: Ball 3-2: Foul Ball, location: 2F 3-2: Base on Balls
|
|
Batting: LHB Ryan Lowe
|
0-0: Ball 1-0: Called Strike 1-1: Ball 2-1: Ball 3-1: Grounds into double play, 3-6-3 (Groundball, 34S, EV 89.4 MPH)
|
| Top of the 1st over - 0 runs, 0 hits, 0 errors, 1 left on base; Tacoma 0 - Salt Lake 0 |
| BOTTOM OF THE 1ST |
|
Salt Lake Bees batting - Pitching for Tacoma Rainiers : RHP Jose Albarran
|
|
Pitching: RHP Jose Albarran
|
|
|
Batting: RHB Melvin Gomez
|
0-0: Ball 1-0: Ball 2-0: Foul Ball, location: 2F 2-1: Called Strike 2-2: Ball 3-2: Base on Balls
|
|
Batting: LHB Micah Miller
|
0-0: Swinging Strike 0-1: Swinging Strike 0-2: Strikes out swinging
|
|
Batting: LHB Rusty Ney
|
0-0: Called Strike 0-1: Ball Pickoff Throw to First - Out! 1-3 CS 1-1: Ball 2-1: Called Strike 2-2: DOUBLE (Line Drive, 8RXD, EV 105.0 MPH)
|
|
Batting: SHB Mario Padron
|
0-0: Ground out 6-3 (Groundball, 6MD, EV 101.9 MPH)
|
| Bottom of the 1st over - 0 runs, 1 hit, 0 errors, 1 left on base; Tacoma 0 - Salt Lake 0 |
| TOP OF THE 2ND |
|
Tacoma Rainiers batting - Pitching for Salt Lake Bees : RHP Gus Morante
|
|
Batting: RHB Rick Ellis
|
0-0: Fly out, F9 (Flyball, 9, EV 88.8 MPH)
|
|
Batting: RHB Bill Vives
|
0-0: Foul Ball, location: 2F 0-1: Ball 1-1: Called Strike 1-2: Strikes out swinging
|
|
Batting: RHB Kevin Chafe
|
0-0: Foul Ball, location: 2F 0-1: Ground out 6-3 (Groundball, 6, EV 83.8 MPH)
|
| Top of the 2nd over - 0 runs, 0 hits, 0 errors, 0 left on base; Tacoma 0 - Salt Lake 0 |
| BOTTOM OF THE 2ND |
|
Salt Lake Bees batting - Pitching for Tacoma Rainiers : RHP Jose Albarran
|
|
Batting: RHB Andres Mendiola
|
0-0: SOLO HOME RUN (Line Drive, 89XD, EV 104.4 MPH), Distance : 416 ft
|
|
Batting: LHB Jack Bell
|
0-0: Ground out 4-3 (Groundball, 34, EV 104.4 MPH)
|
|
Batting: RHB Jose Pineda
|
0-0: Ball 1-0: Called Strike 1-1: SINGLE (Groundball, 34D, EV 106.2 MPH)
|
|
Batting: RHB Oren Jones
|
0-0: Ball 1-0: Foul Ball, location: 2F 1-1: Swinging Strike 1-2: Strikes out swinging
|
|
Batting: LHB Edgar van der Meeren
|
0-0: Called Strike 0-1: Swinging Strike 0-2: Ball 1-2: Ball 2-2: Ball 3-2: Fly out, F8 (Flyball, 8RXD, EV 101.2 MPH)
|
| Bottom of the 2nd over - 1 run, 2 hits, 0 errors, 1 left on base; Tacoma 0 - Salt Lake 1 |
| TOP OF THE 3RD |
|
Tacoma Rainiers batting - Pitching for Salt Lake Bees : RHP Gus Morante
|
|
Batting: LHB Ignacio Bernal
|
0-0: Called Strike 0-1: Ball 1-1: Ground out U3 (Groundball, 34, EV 80.6 MPH)
|
|
Batting: RHB Tatsunori Hayakawa
|
0-0: Called Strike 0-1: Called Strike 0-2: Fly out, F3 (Line Drive, 3, EV 66.2 MPH)
|
|
Batting: LHB Caleb Domino
|
0-0: Ball 1-0: Called Strike 1-1: Ground out 6-3 (Groundball, 6, EV 78.1 MPH)
|
| Top of the 3rd over - 0 runs, 0 hits, 0 errors, 0 left on base; Tacoma 0 - Salt Lake 1 |
| BOTTOM OF THE 3RD |
|
Salt Lake Bees batting - Pitching for Tacoma Rainiers : RHP Jose Albarran
|
|
Batting: RHB Melvin Gomez
|
0-0: Ball 1-0: Called Strike 1-1: Foul Ball, location: 2F 1-2: Foul Ball, location: 2F 1-2: Ball 2-2: SINGLE (Line Drive, 6D, EV 95.0 MPH)
|
|
Batting: LHB Micah Miller
|
0-0: Ball 1-0: Ball 2-0: Ball 3-0: Called Strike 3-1: Base on Balls Melvin Gomez to second
|
|
Batting: LHB Rusty Ney
|
0-0: Ball 1-0: Grounds into double play, 5-4-3 (Groundball, 56, EV 91.9 MPH) Melvin Gomez to third
|
|
Batting: SHB Mario Padron
|
0-0: Foul Ball, location: 2F 0-1: Swinging Strike 0-2: Strikes out swinging
|
| Bottom of the 3rd over - 0 runs, 1 hit, 0 errors, 1 left on base; Tacoma 0 - Salt Lake 1 |
| TOP OF THE 4TH |
|
Tacoma Rainiers batting - Pitching for Salt Lake Bees : RHP Gus Morante
|
|
Batting: RHB Brad Robidas
|
0-0: Called Strike 0-1: Called Strike 0-2: Foul Ball, location: 2F 0-2: DOUBLE (Line Drive, 7LD, EV 105.0 MPH)
|
|
Batting: RHB Harutomi Matsubara
|
0-0: Swinging Strike 0-1: Ball 1-1: Ground out 3-1 (Groundball, 34S, EV 78.1 MPH) Brad Robidas to third
|
|
Batting: LHB Ryan Lowe
|
0-0: Ball 1-0: Called Strike 1-1: Ball 2-1: Foul Ball, location: 2F 2-2: Foul Ball, location: 2F 2-2: Strikes out swinging
|
|
Batting: RHB Rick Ellis
|
0-0: Ball 1-0: Called Strike 1-1: Swinging Strike 1-2: Strikes out swinging
|
| Top of the 4th over - 0 runs, 1 hit, 0 errors, 1 left on base; Tacoma 0 - Salt Lake 1 |
| BOTTOM OF THE 4TH |
|
Salt Lake Bees batting - Pitching for Tacoma Rainiers : RHP Jose Albarran
|
|
Batting: RHB Andres Mendiola
|
0-0: Ground out 4-3 (Groundball, 4, EV 88.1 MPH)
|
|
Batting: LHB Jack Bell
|
0-0: Foul Ball, location: 2F 0-1: Called Strike 0-2: SINGLE (Groundball, 34S, EV 71.9 MPH) (infield hit)
|
|
Batting: RHB Jose Pineda
|
0-0: Called Strike Jack Bell steals 2nd base 0-1: Ball 1-1: Ball 2-1: Called Strike Jack Bell steals 3rd base 2-2: Ground out 3-1 (Groundball, 34S, EV 82.5 MPH) Jack Bell scores
|
|
Batting: RHB Oren Jones
|
0-0: Ball 1-0: Ball 2-0: Ball 3-0: Base on Balls
|
|
Batting: LHB Edgar van der Meeren
|
0-0: Called Strike 0-1: Foul Ball, location: 2F 0-2: Strikes out looking
|
| Bottom of the 4th over - 1 run, 1 hit, 0 errors, 1 left on base; Tacoma 0 - Salt Lake 2 |
| TOP OF THE 5TH |
|
Tacoma Rainiers batting - Pitching for Salt Lake Bees : RHP Gus Morante
|
|
Batting: RHB Bill Vives
|
0-0: Ball 1-0: Fly out, F9 (Line Drive, 9LS, EV 94.4 MPH)
|
|
Now in LF: Reginald McDougall
|
|
|
Now in CF: Jack Bell
|
|
|
Now in RF: Rusty Ney
|
|
|
Batting: RHB Kevin Chafe
|
0-0: Ball 1-0: SINGLE (Groundball, 34D, EV 98.8 MPH)
|
|
Batting: LHB Ignacio Bernal
|
0-0: Called Strike 0-1: Ball 1-1: SINGLE (Flyball, 78S, EV 98.8 MPH) Kevin Chafe to second
|
|
Batting: RHB Tatsunori Hayakawa
|
0-0: SINGLE (Groundball, 34D, EV 100.6 MPH) Kevin Chafe to third Ignacio Bernal to second Runner from 3rd tries for Home, SAFE, throw by RF to trailing runner, OUT at third! 9-3-5
|
|
Batting: LHB Caleb Domino
|
0-0: Called Strike 0-1: Ball Wild Pitch! Tatsunori Hayakawa to second 1-1: Called Strike 1-2: Ball 2-2: Strikes out swinging
|
| Top of the 5th over - 1 run, 3 hits, 0 errors, 1 left on base; Tacoma 1 - Salt Lake 2 |
| BOTTOM OF THE 5TH |
|
Salt Lake Bees batting - Pitching for Tacoma Rainiers : RHP Jose Albarran
|
|
Batting: RHB Melvin Gomez
|
0-0: Called Strike 0-1: Swinging Strike 0-2: Ball 1-2: Ball 2-2: Strikes out swinging
|
|
Batting: LHB Micah Miller
|
0-0: Called Strike 0-1: Ball 1-1: SINGLE (Groundball, 34D, EV 99.4 MPH)
|
|
Batting: LHB Rusty Ney
|
0-0: Ball 1-0: Called Strike 1-1: Ball Wild Pitch! Micah Miller to second 2-1: Ball 3-1: Called Strike 3-2: Base on Balls
|
|
Batting: RHB Reginald McDougall
|
0-0: Grounds into double play, 5-4-3 (Groundball, 5, EV 90.6 MPH)
|
| Bottom of the 5th over - 0 runs, 1 hit, 0 errors, 1 left on base; Tacoma 1 - Salt Lake 2 |
| TOP OF THE 6TH |
|
Tacoma Rainiers batting - Pitching for Salt Lake Bees : RHP Gus Morante
|
|
Batting: RHB Brad Robidas
|
0-0: Foul Ball, location: 2F 0-1: Swinging Strike 0-2: Strikes out swinging
|
|
Batting: RHB Harutomi Matsubara
|
0-0: Ball 1-0: Ball 2-0: Fly out, F8 (Flyball, 8LM, EV 85.6 MPH)
|
|
Batting: LHB Ryan Lowe
|
0-0: Ball 1-0: Ball 2-0: Ball 3-0: Base on Balls
|
|
Batting: RHB Rick Ellis
|
0-0: Called Strike 0-1: Fly out, F9 (Flyball, 89S, EV 93.8 MPH)
|
| Top of the 6th over - 0 runs, 0 hits, 0 errors, 1 left on base; Tacoma 1 - Salt Lake 2 |
| BOTTOM OF THE 6TH |
|
Salt Lake Bees batting - Pitching for Tacoma Rainiers : RHP Jose Albarran
|
|
Batting: RHB Andres Mendiola
|
0-0: Foul Ball, location: 2F 0-1: Swinging Strike 0-2: Ball 1-2: Strikes out swinging
|
|
Batting: LHB Jack Bell
|
0-0: Ground out 4-3 (Groundball, 4, EV 90.0 MPH)
|
|
Batting: RHB Jose Pineda
|
0-0: Foul Ball, location: 2F 0-1: Ball 1-1: Swinging Strike 1-2: SINGLE (Groundball, 6D, EV 105.6 MPH)
|
|
Batting: RHB Oren Jones
|
0-0: Ball 1-0: Ball 2-0: Foul Ball, location: 2F 2-1: Swinging Strike 2-2: Foul Ball, location: 2F 2-2: Fly out, F9 (Flyball, 9, EV 92.5 MPH)
|
| Bottom of the 6th over - 0 runs, 1 hit, 0 errors, 1 left on base; Tacoma 1 - Salt Lake 2 |
| TOP OF THE 7TH |
|
Tacoma Rainiers batting - Pitching for Salt Lake Bees : RHP Gus Morante
|
|
Batting: RHB Bill Vives
|
0-0: Ball 1-0: Swinging Strike 1-1: Called Strike 1-2: Foul Ball, location: 2F 1-2: Ball 2-2: Ball 3-2: Ground out U3 (Groundball, 3, EV 90.0 MPH)
|
|
Batting: RHB Kevin Chafe
|
0-0: Swinging Strike 0-1: Foul Ball, location: 2F 0-2: Ball 1-2: Ball 2-2: Strikes out swinging
|
|
Batting: LHB Ignacio Bernal
|
0-0: Fly out, F5 (Line Drive, 5L, EV 75.6 MPH)
|
| Top of the 7th over - 0 runs, 0 hits, 0 errors, 0 left on base; Tacoma 1 - Salt Lake 2 |
| BOTTOM OF THE 7TH |
|
Salt Lake Bees batting - Pitching for Tacoma Rainiers : RHP Jose Albarran
|
|
Batting: LHB Edgar van der Meeren
|
0-0: Ball 1-0: Foul Ball, location: 2F 1-1: Foul Ball, location: 2F 1-2: Ball 2-2: Ground out 4-3 (Groundball, 4, EV 85.6 MPH)
|
|
Pitching: LHP Alex Villagran
|
|
|
Batting: RHB Melvin Gomez
|
0-0: Swinging Strike 0-1: Ball 1-1: Ball 2-1: Foul Ball, location: 2F 2-2: Ball 3-2: Base on Balls
|
|
Batting: LHB Micah Miller
|
0-0: Called Strike 0-1: Ball 1-1: Ball 2-1: SINGLE (Groundball, 4MS, EV 72.5 MPH) (infield hit) Melvin Gomez to second
|
|
Batting: LHB Rusty Ney
|
0-0: Foul Ball, location: 2F 0-1: Foul Ball, location: 2F 0-2: Ball 1-2: Foul Ball, location: 2F 1-2: Foul Ball, location: 2F 1-2: Foul Ball, location: 2F 1-2: Strikes out swinging
|
|
Batting: RHB Reginald McDougall
|
0-0: Called Strike 0-1: Ball 1-1: Ball 2-1: Fly out, F9 (Line Drive, 9LM, EV 110.6 MPH)
|
| Bottom of the 7th over - 0 runs, 1 hit, 0 errors, 2 left on base; Tacoma 1 - Salt Lake 2 |
| TOP OF THE 8TH |
|
Tacoma Rainiers batting - Pitching for Salt Lake Bees : RHP Gus Morante
|
|
Batting: RHB Tatsunori Hayakawa
|
0-0: Ball 1-0: Ball 2-0: Ball 3-0: SINGLE (Groundball, 4MD, EV 103.8 MPH)
|
|
Pitching: LHP Tim Siddens
|
|
|
Batting: LHB Caleb Domino
|
0-0: Ball 1-0: Foul Ball, location: 2F 1-1: Foul Ball, location: 2F 1-2: Ball 2-2: Foul Ball, location: 2F 2-2: Ball 3-2: SINGLE (Groundball, 34S, EV 88.8 MPH) (infield hit) Tatsunori Hayakawa to second
|
|
Batting: RHB Brad Robidas
|
0-0: Sac Bunt to 2R - play at first, batter OUT! 2-4 Tatsunori Hayakawa to third Caleb Domino to second
|
|
Batting: RHB Harutomi Matsubara
|
0-0: Called Strike 0-1: Ball 1-1: Swinging Strike 1-2: Strikes out swinging
|
|
Batting: RHB Kumar Madugula
|
0-0: Called Strike 0-1: DOUBLE (Line Drive, 7LM, EV 110.0 MPH) Tatsunori Hayakawa scores Caleb Domino scores
|
|
Batting: RHB Rick Ellis
|
0-0: Foul Ball, location: 2F 0-1: Swinging Strike 0-2: Ball 1-2: Ball 2-2: Ball 3-2: Strikes out swinging
|
| Top of the 8th over - 2 runs, 3 hits, 0 errors, 1 left on base; Tacoma 3 - Salt Lake 2 |
| BOTTOM OF THE 8TH |
|
Salt Lake Bees batting - Pitching for Tacoma Rainiers : LHP Alex Villagran
|
|
Pitching: RHP Victor Cervantes
|
|
|
Batting: RHB Andres Mendiola
|
0-0: Ball 1-0: Ball 2-0: Foul Ball, location: 2F 2-1: Ball 3-1: Base on Balls
|
|
Batting: LHB Jack Bell
|
0-0: Called Strike 0-1: Ball 1-1: Swinging Strike 1-2: Ball 2-2: Strikes out swinging
|
|
Batting: RHB Jose Pineda
|
0-0: Ball 1-0: Foul Ball, location: 2F 1-1: Ball 2-1: Swinging Strike 2-2: Foul Ball, location: 2F 2-2: Strikes out swinging
|
|
Batting: RHB Oren Jones
|
0-0: Called Strike 0-1: Ball 1-1: Called Strike 1-2: SINGLE (Line Drive, 78M, EV 98.1 MPH) Andres Mendiola to second
|
|
Batting: LHB Edgar van der Meeren
|
0-0: Called Strike 0-1: Swinging Strike 0-2: Strikes out swinging
|
| Bottom of the 8th over - 0 runs, 1 hit, 0 errors, 2 left on base; Tacoma 3 - Salt Lake 2 |
| TOP OF THE 9TH |
|
Tacoma Rainiers batting - Pitching for Salt Lake Bees : LHP Tim Siddens
|
|
Pitching: RHP Nick Madrid
|
|
|
Batting: RHB Bill Vives
|
0-0: Ball 1-0: Ground out 5-3 (Groundball, 56, EV 78.1 MPH)
|
|
Batting: RHB Kevin Chafe
|
0-0: Ball 1-0: Ball 2-0: Foul Ball, location: 2F 2-1: Called Strike 2-2: Foul Ball, location: 2F 2-2: Strikes out swinging
|
|
Batting: LHB Ignacio Bernal
|
0-0: Ball 1-0: Ground out 1-3 (Groundball, 15S, EV 63.1 MPH)
|
| Top of the 9th over - 0 runs, 0 hits, 0 errors, 0 left on base; Tacoma 3 - Salt Lake 2 |
| BOTTOM OF THE 9TH |
|
Salt Lake Bees batting - Pitching for Tacoma Rainiers : RHP Victor Cervantes
|
|
Batting: RHB Melvin Gomez
|
0-0: Swinging Strike 0-1: Foul Ball, location: 2F 0-2: Strikes out swinging
|
|
Batting: LHB Micah Miller
|
0-0: Ball 1-0: Swinging Strike 1-1: Ball 2-1: Ground out 3-1 (Groundball, 34, EV 107.5 MPH)
|
|
Batting: LHB Rusty Ney
|
0-0: Called Strike 0-1: Ball 1-1: Ball 2-1: Foul Ball, location: 2F 2-2: Foul Ball, location: 2F 2-2: Foul Ball, location: 2F 2-2: SINGLE (Groundball, 5S, EV 75.6 MPH) (infield hit)
|
|
Pinch Hitting: RHB Jeff Long
|
0-0: Foul Ball, location: 2F 0-1: Called Strike 0-2: Ball 1-2: Foul Ball, location: 2F 1-2: Strikes out looking
|
| Bottom of the 9th over - 0 runs, 1 hit, 0 errors, 1 left on base; Tacoma 3 - Salt Lake 2 |
|